 Dungeon Crawl Stone Soup version 0.27-a0-345-g7370b58738 (webtiles) character file.

Game seed: 6177513549221870611

58 ReteAZ the Shield-Bearer (level 4, 0/41 HPs)
             Began as a Gnoll Fighter on Feb 15, 2021.
             Killed by nerve-wracking pain
             ... invoked by Grinder
              (5 damage)
             ... on level 3 of the Dungeon.
             The game lasted 00:01:36 (1379 turns).

ReteAZ the Shield-Bearer (Gnoll Fighter)            Turns: 1379, Time: 00:01:36

Health: 0/41       AC: 10    Str: 15    XL:     4   Next: 1%
Magic:  5/5        EV:  8    Int:  9    God:
Gold:   122        SH: 10    Dex: 11    Spells: 5/5 levels left

rFire    . . .     SeeInvis .   h - +1 hand axe (elec)
rCold    . . .     Faith    .   c - +0 kite shield
rNeg     . . .     Spirit   .   b - +0 scale mail
rPois    .         Reflect  .   k - +0 helmet
rElec    .         Harm     .   (no cloak)
rCorr    .         Rampage  .   (no gloves)
Will     .....                  i - +0 pair of boots
Stlth    ..........             (no amulet)
HPRegen  0.13/turn              (no ring)
MPRegen  0.09/turn              (no ring)

@: no status effects
A: distributed training, fangs 1, strong nose
a: no special abilities


You were on level 3 of the Dungeon.
You visited 1 branch of the dungeon, and saw 3 of its levels.

You collected 122 gold pieces.

Inventory:

Hand Weapons
 a - a +0 war axe
 h - a +1 hand axe of electrocution (weapon)
Armour
 b - a +0 scale mail (worn)
 c - a +0 kite shield (worn)
 i - a +0 pair of boots (worn)
 k - a +0 helmet (worn)
Magical Staves
 o - a staff of fire
Scrolls
 e - a scroll of fear {unknown}
 f - 2 scrolls of immolation {unknown}
 g - a scroll of magic mapping {unknown}
 j - 3 scrolls of identify {unknown}
 n - a scroll of enchant armour {unknown}
Potions
 d - 2 potions of might
 l - a potion of lignification {unknown}
 m - a potion of curing {unknown}


   Skills:
 + Level 6.5 Fighting
 + Level 1.0 Short Blades
 + Level 1.0 Long Blades
 + Level 4.6 Axes
 + Level 1.0 Maces & Flails
 + Level 1.0 Polearms
 + Level 1.0 Staves
 + Level 1.0 Slings
 + Level 1.0 Bows
 + Level 1.0 Crossbows
 + Level 1.0 Throwing
 + Level 6.5 Armour
 + Level 1.0 Dodging
 + Level 1.0 Stealth
 + Level 6.5 Shields
 + Level 1.0 Unarmed Combat
 + Level 1.0 Spellcasting
 + Level 0.7 Conjurations
 + Level 0.7 Hexes
 + Level 0.7 Summonings
 + Level 0.7 Necromancy
 + Level 0.7 Translocations
 + Level 0.7 Transmutations
 + Level 0.7 Fire Magic
 + Level 0.7 Ice Magic
 + Level 0.7 Air Magic
 + Level 0.7 Earth Magic
 + Level 0.7 Poison Magic
 + Level 1.1 Invocations
 + Level 1.0 Evocations


You had 5 spell levels left.
You didn't know any spells.
Your spell library was empty.

Dungeon Overview and Level Annotations

Branches:
Dungeon (3/15)

Altars:

Annotations:
D:3 Grinder, Sigmund


Innate Abilities, Weirdness & Mutations

Your experience applies equally to all skills.
You have very sharp teeth.
Your uncanny sense of smell can sniff out nearby items.


Message History

You closely miss Grinder. You block Grinder's attack.
You closely miss Grinder. You bite Grinder, but do no damage. Grinder hits you!
You hit Grinder.
Grinder is lightly wounded.
Grinder hits you but does no damage. You block Grinder's attack.
You hit Grinder.
Grinder is lightly wounded.
You block Grinder's attack.
You hit Grinder but do no damage. Your bite misses Grinder.
Grinder is lightly wounded.
Grinder gestures at you. Pain shoots through your body!
Something hits you but does no damage.
Your shield and scale mail prevent you from hitting Grinder.
Grinder is lightly wounded.
Grinder hits you but does no damage. Something hits you.
You closely miss Grinder.
Grinder is lightly wounded.
Grinder hits you but does no damage. Grinder closely misses you.
You closely miss Grinder.
Grinder is lightly wounded.
Something hits you. Grinder gestures at you. Pain shoots through your body!
* * * LOW HITPOINT WARNING * * *
You hit Grinder.
Grinder is lightly wounded.
You block something's attack. Grinder hits you.
* * * LOW HITPOINT WARNING * * *
You writhe in agony.
* * * LOW HITPOINT WARNING * * *
You barely miss Grinder.
Grinder is lightly wounded.
You block Grinder's attack. Something hits you but does no damage.
Grinder hits you but does no damage.
Grinder blinks!
Grinder gestures at you. You resist with significant effort.
Grinder gestures at you. Pain shoots through your body!
You die...

### ..# ##### #.#
#...#################### # #.#
#....5.@...{............
####.#####....##################.
.(.......+...................>##.
####.#####....#.###### #........
####.#####.††.#.#########.###....
##..........#.#....(...##........
##.#.######.#.#.######.##..##.##.
##.#.# #.#...# ####.##..#.....
##.#.######.###.###....##........


You could see Grinder.

Vanquished Creatures
  2 adders
  A worm (D:2)
  2 leopard geckos
  2 giant cockroaches (D:1)
  2 goblins
  3 hobgoblins
  6 jackals
  5 kobolds
  4 bats
  A frilled lizard (D:2)
  6 rats
34 creatures vanquished.

Notes
Turn   | Place    | Note
-------+----------+-------------------------------------------
     0 | D:1      | ReteAZ the Gnoll Fighter began the quest for the Orb.
     0 | D:1      | Reached XP level 1. HP: 23/23 MP: 1/1
   195 | D:1      | Reached XP level 2. HP: 29/29 MP: 2/2
   684 | D:2      | Reached XP level 3. HP: 35/35 MP: 3/3
  1045 | D:2      | Reached skill level 1 in Invocations
  1259 | D:3      | Reached skill level 1 in Short Blades
  1259 | D:3      | Reached skill level 1 in Long Blades
  1259 | D:3      | Reached skill level 1 in Maces & Flails
  1259 | D:3      | Reached skill level 1 in Polearms
  1259 | D:3      | Reached skill level 1 in Staves
  1259 | D:3      | Reached skill level 1 in Slings
  1259 | D:3      | Reached skill level 1 in Bows
  1259 | D:3      | Reached skill level 1 in Crossbows
  1259 | D:3      | Reached skill level 1 in Throwing
  1259 | D:3      | Reached skill level 1 in Dodging
  1259 | D:3      | Reached skill level 1 in Stealth
  1259 | D:3      | Reached skill level 1 in Unarmed Combat
  1259 | D:3      | Reached skill level 1 in Spellcasting
  1259 | D:3      | Reached skill level 1 in Evocations
  1313 | D:3      | Reached XP level 4. HP: 41/41 MP: 5/5
  1343 | D:3      | Noticed Grinder
  1343 | D:3      | Noticed Sigmund
  1379 | D:3      | Killed from afar by Grinder

Illustrated notes

Levels and vault maps discovered:
D:1:      ebering_hopf_link, layout_loops_ring
D:2:      layout_loops_ring, hex_tiny
D:3:      layout_basic, minmay_ruptured, uniq_grinder, uniq_natasha,
          uniq_sigmund

Skill      XL: |  1  2  3 |
---------------+----------+-----
Invocations    | 1 |  1.1
Short Blades   | 1 |  1.0
Long Blades    | 1 |  1.0
Maces & Flails | 1 |  1.0
Polearms       | 1 |  1.0
Staves         | 1 |  1.0
Slings         | 1 |  1.0
Bows           | 1 |  1.0
Crossbows      | 1 |  1.0
Throwing       | 1 |  1.0
Dodging        | 1 |  1.0
Stealth        | 1 |  1.0
Unarmed Combat | 1 |  1.0
Spellcasting   | 1 |  1.0
Evocations     | 1 |  1.0
Fighting       | |  6.5
Axes           | |  4.6
Armour         | |  6.5
Shields        | |  6.5
Conjurations   | |  0.7
Hexes          | |  0.7
Summonings     | |  0.7
Necromancy     | |  0.7
Translocations | |  0.7
Transmutations | |  0.7
Fire Magic     | |  0.7
Ice Magic      | |  0.7
Air Magic      | |  0.7
Earth Magic    | |  0.7
Poison Magic   | |  0.7

Action                   |  1- 3 |  4- 6 || total
-------------------------+-------+-------++-------
Melee: War axe           |    11 |       ||    11
       Hand axe          |    63 |    10 ||    73
       Bite              |     4 |     1 ||     5
Armor: Scale mail        |    37 |     6 ||    43
Dodge: Dodged            |    16 |     1 ||    17
Block: Kite shield       |    34 |     5 ||    39

Table legend: (Time is in decaauts)
 A = Elapsed time spent in this place.
 B = Non-inter-level travel time spent in this place.
 C = Inter-level travel time spent in this place.
 D = Time resting spent in this place.
 E = Time spent auto-exploring this place.
 F = Levels seen in this place.
 G = Mean time per level.
                   A        B        C        D        E       F      G
               +--------+--------+--------+--------+--------+-----+--------+
         Total |   1399 |   1375 |     24 |      0 |   1114 |   3 |  466.3 |
       Dungeon |   1399 |   1375 |     24 |      0 |   1114 |   3 |  466.3 |
               +--------+--------+--------+--------+--------+-----+--------+

Top non-repeatable levels by time:
     D:2: 658 daAuts
     D:1: 568 daAuts
     D:3: 172 daAuts
